AoeStats
← Koschinski

Arabia

503660752Analyzed
2v2 RM · 1mo ago on Sep 1, 2026· 42m 31s· 4 players
Game mode
Random Map
Map size
Medium (4 player)
Population
200
Speed
Normal
Resources
Standard
Victory
Conquest
Starting age
Dark Age
Ending age
Imperial Age
RankedLock teamsTeams togetherTeam positionsShared explorationLock speedFull tech treeHidden civsTurbo modeCheats
Victory
Defeat
🇨🇳 Portuguese · China
1122
+15
🇻🇳 Italians · Vietnam
1072
+17
🇩🇪 Ethiopians · Germany
1164
-19
🇩🇪 Teutons · Germany
1045
-14
Koschinski
10:10 Loom
12:28 Feudal Age
13:13 Double-Bit Axe
14:06 Gold Mining
16:36 Horse Collar
20:29 Castle Age
19:15 Padded Archer Armor
20:59 Fletching
20:33 Crossbowman
23:14 Wheelbarrow
22:52 Bow Saw
24:23 Bodkin Arrow
25:57 Gold Shaft Mining
30:18 Thumb Ring
34:11 Ballistics
34:16 Stone Mining
34:45 Town Watch
35:24 Hand Cart
34:55 Town Watch
37:06 Town Patrol
39:39 Forging
42:25 Imperial Age
LeChuck
13:34 Feudal Age
14:11 Gold Mining
13:47 Man-at-Arms
16:16 Scale Mail Armor
16:32 Forging
17:28 Horse Collar
17:35 Loom
22:57 Castle Age
24:05 Wheelbarrow
23:35 Pikeman
25:02 Squires
27:41 Double-Bit Axe
34:15 Chain Mail Armor
34:35 Iron Casting
34:43 Iron Casting
37:29 Heavy Plow
41:18 Imperial Age
骨川 スネ夫
0:27 Loom
11:59 Feudal Age
17:33 Castle Age
16:04 Gold Mining
15:55 Horse Collar
16:01 Double-Bit Axe
17:09 Town Watch
18:13 Stone Mining
27:46 Fletching
36:07 Imperial Age
34:22 Wheelbarrow
34:05 Town Patrol
35:46 Stone Shaft Mining
35:13 Heavy Plow
35:24 Bow Saw
35:25 Murder Holes
36:26 Hand Cart
36:36 Padded Archer Armor
36:47 Forging
36:37 Scale Mail Armor
36:43 Scale Barding Armor
36:36 Bodkin Arrow
37:52 Chemistry
37:09 Thumb Ring
37:56 Conscription
38:13 Hoardings
38:23 Crop Rotation
38:54 Two-Man Saw
38:39 Leather Archer Armor
38:37 Treadmill Crane
40:33 Bracer
41:03 Ring Archer Armor
41:00 Guilds
泥融飞燕子
9:18 Loom
11:04 Feudal Age
15:32 Horse Collar
15:39 Double-Bit Axe
19:25 Castle Age
17:35 Gold Mining
18:30 Scale Barding Armor
18:57 Bloodlines
19:24 Forging
20:48 Bow Saw
21:16 Chain Barding Armor
20:55 Light Cavalry
23:07 Wheelbarrow
23:29 Heavy Plow
25:16 Town Watch
28:32 Husbandry
31:15 Iron Casting
31:54 Hand Cart
32:43 Stone Mining
34:54 Stone Shaft Mining
40:32 Imperial Age
37:37 Pikeman
38:03 Gambesons
40:00 Fletching
40:10 Padded Archer Armor
40:14 Scale Mail Armor
40:34 Cavalier
41:23 Town Patrol
40:56 Capped Ram
43:42 Plate Barding Armor
44:08 Blast Furnace
Connection lost

Rejoining the realm…

Still unreachable

The connection could not be restored.

Session expired

The server has moved on; the page needs a fresh start.